General information
- name: BNet
- type: Ladder team game (AT/RT)
- host: Battle.net
- saver: humankingtomvip
map: GolemsInTheMist
- players: 8
- length: 60:40
- speed: Fast
- version: 1.26 W3XP
- replay type: Public
» download(246 KB)
Players
team 1 (winner)
humankingtomvip (
purple | 68 APM | 4130 actions | 60:40)
8 Blood Mage
3 Flame Strike
3 Siphon Mana
1 Summon Phoenix
1 Banish
5 Blademaster
2 Critical Strike
2 Wind Walk
1 Bladestorm
2 Lich
1 Dark Ritual
1 Frost Nova
» actions
| Assign group hotkey | 95 | |
| Basic commands | 126 | |
| Build / train | 241 | |
| ESC pressed | 6 | |
| Enter build submenu | 114 | |
| Enter hero's abilities submenu | 15 | |
| Give item / drop item | 8 | |
| Right click | 1714 | |
| Select / deselect | 639 | |
| Select group hotkey | 796 | |
| Use ability | 376 | |
4130 total
» units
| Peasant | 38 | |
| Goblin Shredder | 2 | |
| Goblin Zeppelin | 3 | |
| Goblin Sapper | 4 | |
| Peon | 5 | |
| Acolyte | 8 | |
| Crypt Fiend | 6 | |
66 total
» upgrades
| Masonry | 3 | |
| Magic Sentry | 1 | |
| Creature Attack | 1 | |
| Web | 1 | |
6 total
» buildings
| Altar of Kings | 2 | |
| Farm | 16 | |
| Lumber Mill | 3 | |
| Scout Tower | 68 | |
| Arcane Tower | 2 | |
| Arcane Vault | 4 | |
| Guard Tower | 65 | |
| Keep | 2 | |
| Town Hall | 4 | |
| Castle | 3 | |
| Blacksmith | 1 | |
| Arcane Sanctum | 1 | |
| Watch Tower | 2 | |
| Necropolis | 5 | |
| Orc Burrow | 1 | |
| Great Hall | 2 | |
| Voodoo Lounge | 1 | |
| Stronghold | 1 | |
| Crypt | 2 | |
| Ziggurat | 3 | |
| Graveyard | 1 | |
| Halls of the Dead | 1 | |
| Altar of Darkness | 2 | |
| Tomb of Relics | 2 | |
| Black Citadel | 2 | |
| War Mill | 1 | |
197 total
» build order
00:11 Altar of Kings
00:23 Farm
00:54 Farm
01:26 Lumber Mill
01:28 Scout Tower
01:31 Scout Tower
01:34 Farm
01:58 Scout Tower
02:08 Arcane Tower
02:25 Arcane Tower
02:30 Arcane Vault
02:47 Guard Tower
04:09 Keep
04:37 Farm
05:02 Scout Tower
05:04 Scout Tower
05:30 Guard Tower
05:30 Guard Tower
05:38 Guard Tower
05:39 Guard Tower
06:17 Town Hall
06:19 Scout Tower
06:20 Scout Tower
06:21 Scout Tower
06:21 Scout Tower
06:22 Scout Tower
06:23 Scout Tower
07:12 Guard Tower
07:12 Guard Tower
07:12 Guard Tower
07:25 Guard Tower
07:25 Guard Tower
07:58 Castle
07:58 Castle
07:58 Castle
08:20 Guard Tower
08:30 Guard Tower
08:40 Blacksmith
09:16 Arcane Sanctum
09:18 Scout Tower
09:21 Scout Tower
09:21 Scout Tower
09:22 Scout Tower
09:34 Scout Tower
09:57 Guard Tower
10:01 Guard Tower
10:01 Guard Tower
10:01 Guard Tower
10:07 Lumber Mill
10:10 Guard Tower
10:10 Guard Tower
10:11 Guard Tower
11:17 Scout Tower
11:18 Scout Tower
11:33 Guard Tower
11:34 Scout Tower
12:06 Guard Tower
12:17 Arcane Vault
12:36 Scout Tower
12:36 Scout Tower
12:37 Scout Tower
12:38 Scout Tower
13:21 Guard Tower
13:23 Guard Tower
13:35 Guard Tower
13:35 Guard Tower
13:38 Guard Tower
13:38 Guard Tower
13:41 Arcane Vault
13:51 Scout Tower
13:52 Scout Tower
13:53 Scout Tower
13:53 Scout Tower
13:54 Scout Tower
13:54 Scout Tower
13:55 Scout Tower
13:56 Scout Tower
14:37 Guard Tower
14:39 Guard Tower
14:40 Scout Tower
14:42 Scout Tower
14:54 Watch Tower
14:55 Watch Tower
14:59 Guard Tower
15:04 Arcane Vault
15:22 Guard Tower
15:22 Guard Tower
16:36 Guard Tower
17:28 Guard Tower
18:16 Guard Tower
18:17 Guard Tower
18:19 Guard Tower
18:24 Scout Tower
18:25 Scout Tower
19:29 Guard Tower
19:31 Scout Tower
19:47 Guard Tower
19:48 Guard Tower
19:49 Guard Tower
20:03 Necropolis
20:08 Farm
20:09 Farm
20:22 Farm
20:24 Farm
20:24 Farm
20:25 Farm
20:27 Scout Tower
20:27 Scout Tower
20:28 Scout Tower
20:31 Lumber Mill
20:44 Guard Tower
20:47 Scout Tower
20:47 Scout Tower
21:21 Scout Tower
21:23 Guard Tower
21:33 Guard Tower
21:33 Guard Tower
21:41 Farm
21:43 Farm
21:45 Farm
21:47 Scout Tower
21:48 Scout Tower
21:49 Scout Tower
22:07 Guard Tower
22:23 Guard Tower
22:28 Altar of Kings
22:36 Guard Tower
22:36 Guard Tower
23:12 Farm
23:14 Farm
23:16 Farm
23:58 Scout Tower
23:58 Scout Tower
23:59 Scout Tower
24:00 Scout Tower
24:00 Scout Tower
24:32 Guard Tower
24:46 Scout Tower
24:46 Scout Tower
24:47 Scout Tower
24:47 Scout Tower
24:48 Scout Tower
24:49 Scout Tower
24:51 Guard Tower
25:53 Guard Tower
25:54 Guard Tower
25:56 Scout Tower
25:56 Scout Tower
25:57 Scout Tower
25:58 Scout Tower
25:59 Scout Tower
26:00 Scout Tower
26:00 Scout Tower
26:01 Scout Tower
26:02 Scout Tower
26:03 Scout Tower
26:04 Scout Tower
26:26 Orc Burrow
27:21 Keep
27:22 Guard Tower
27:22 Guard Tower
31:25 Great Hall
31:39 Guard Tower
33:40 Necropolis
37:04 Voodoo Lounge
38:13 Stronghold
40:20 Town Hall
40:30 Necropolis
40:56 Necropolis
42:23 Crypt
42:25 Crypt
42:28 Ziggurat
43:13 Graveyard
44:13 Necropolis
44:48 Halls of the Dead
45:07 Town Hall
46:42 Ziggurat
46:42 Ziggurat
46:45 Altar of Darkness
47:48 Altar of Darkness
49:40 Tomb of Relics
49:42 Black Citadel
52:42 Tomb of Relics
55:54 Town Hall
59:10 War Mill
59:17 Great Hall
» items
| Lesser Clarity Potion | 19 | |
| Scroll of Regeneration | 6 | |
| Ivory Tower | 38 | |
| Scroll of Town Portal | 1 | |
| Staff of Sanctuary | 1 | |
| Scroll of Speed | 3 | |
| Healing Salve | 6 | |
| Orb of Corruption | 1 | |
75 total
pikachu7 (
orange | 1 APM | 20 actions | 14:46)
VajPounder69 (
blue | 19 APM | 220 actions | 11:42)
1 Lich
1 Frost Nova
» actions
| Build / train | 29 | |
| Enter build submenu | 12 | |
| Enter hero's abilities submenu | 1 | |
| Right click | 31 | |
| Select / deselect | 132 | |
| Use ability | 15 | |
220 total
» units
| Acolyte | 3 | |
| Ghoul | 5 | |
| Necromancer | 7 | |
15 total
» upgrades
| Unholy Strength | 3 | |
| Unholy Armor | 2 | |
| Necromancer Training | 2 | |
| Skeletal Longevity | 1 | |
| Skeletal Mastery | 1 | |
9 total
» buildings
| Ziggurat | 4 | |
| Altar of Darkness | 1 | |
| Crypt | 1 | |
| Halls of the Dead | 1 | |
| Graveyard | 1 | |
| Temple of the Damned | 2 | |
| Spirit Tower | 1 | |
| Black Citadel | 1 | |
12 total
» build order
00:10 Ziggurat
00:15 Altar of Darkness
00:51 Crypt
01:19 Ziggurat
01:43 Ziggurat
03:09 Halls of the Dead
03:37 Graveyard
04:44 Ziggurat
05:36 Temple of the Damned
05:40 Temple of the Damned
05:44 Spirit Tower
07:37 Black Citadel

»
TITANIO37 (
yellow | 37 APM | 546 actions | 14:50)
1 Blademaster
1 Wind Walk
» actions
| Assign group hotkey | 5 | |
| Build / train | 23 | |
| Enter build submenu | 46 | |
| Enter hero's abilities submenu | 1 | |
| Right click | 173 | |
| Select / deselect | 127 | |
| Select group hotkey | 118 | |
| Use ability | 53 | |
546 total
» units
» buildings
| Orc Burrow | 5 | |
| Altar of Storms | 2 | |
| War Mill | 1 | |
| Voodoo Lounge | 2 | |
| Barracks | 1 | |
| Watch Tower | 31 | |
| Stronghold | 1 | |
| Beastiary | 2 | |
| Fortress | 1 | |
46 total
» build order
00:21 Orc Burrow
00:24 Altar of Storms
01:12 War Mill
01:38 Voodoo Lounge
02:16 Orc Burrow
02:48 Barracks
03:35 Watch Tower
03:42 Watch Tower
03:54 Stronghold
04:22 Watch Tower
04:40 Watch Tower
04:55 Orc Burrow
05:01 Watch Tower
05:13 Watch Tower
05:27 Watch Tower
06:04 Orc Burrow
06:16 Watch Tower
06:21 Watch Tower
06:25 Watch Tower
06:30 Watch Tower
07:06 Beastiary
07:10 Orc Burrow
07:24 Watch Tower
07:36 Watch Tower
08:02 Beastiary
08:31 Watch Tower
08:38 Watch Tower
08:56 Voodoo Lounge
09:23 Watch Tower
09:26 Watch Tower
09:33 Watch Tower
09:37 Watch Tower
10:25 Fortress
10:42 Watch Tower
10:54 Watch Tower
11:40 Watch Tower
11:47 Watch Tower
12:14 Watch Tower
12:17 Watch Tower
12:31 Watch Tower
13:09 Watch Tower
13:15 Watch Tower
13:21 Watch Tower
13:24 Watch Tower
13:30 Watch Tower
14:35 Altar of Storms
» items
team 2 (loser)
R3ALMAN0G3NI0US (
pink | 40 APM | 2438 actions | 60:39)
4 Tauren Chieftain
2 War Stomp
2 Endurance Aura
» actions
| Assign group hotkey | 50 | |
| Build / train | 100 | |
| Enter build submenu | 41 | |
| Enter hero's abilities submenu | 3 | |
| Remove unit from queue | 6 | |
| Right click | 1061 | |
| Select / deselect | 526 | |
| Select group hotkey | 596 | |
| Use ability | 55 | |
2438 total
» units
| Peon | 33 | |
| Grunt | 11 | |
| Shaman | 5 | |
| Tauren | 8 | |
| Demolisher | 16 | |
| Wind Rider | 7 | |
80 total
» upgrades
| Shaman Training | 2 | |
| Pulverize | 1 | |
| Ranged Weapons | 2 | |
5 total
» buildings
| Altar of Storms | 1 | |
| Orc Burrow | 17 | |
| Barracks | 5 | |
| Stronghold | 3 | |
| War Mill | 1 | |
| Fortress | 1 | |
| Spirit Lodge | 1 | |
| Tauren Totem | 3 | |
| Great Hall | 4 | |
| Watch Tower | 1 | |
37 total
» build order
00:07 Altar of Storms
00:15 Orc Burrow
00:58 Barracks
01:16 Orc Burrow
02:12 Orc Burrow
03:34 Stronghold
04:32 Orc Burrow
04:53 War Mill
05:58 Fortress
06:06 Spirit Lodge
07:02 Orc Burrow
08:26 Tauren Totem
08:33 Tauren Totem
10:02 Orc Burrow
12:21 Orc Burrow
15:55 Great Hall
17:04 Great Hall
17:45 Orc Burrow
17:49 Orc Burrow
18:11 Orc Burrow
20:10 Tauren Totem
24:18 Barracks
24:34 Barracks
25:37 Stronghold
27:17 Stronghold
28:39 Orc Burrow
28:44 Orc Burrow
28:56 Orc Burrow
29:45 Orc Burrow
29:54 Watch Tower
29:58 Orc Burrow
30:13 Barracks
30:27 Barracks
31:48 Orc Burrow
32:23 Orc Burrow
44:48 Great Hall
53:53 Great Hall
michaelx (
teal | 39 APM | 2388 actions | 60:32)
2 Blademaster
1 Mirror Image
1 Critical Strike
5 Demon Hunter
1 Immolation
1 Mana Burn
2 Evasion
1 Metamorphosis
1 Shadow Hunter
1 Serpent Ward
» actions
| Basic commands | 50 | |
| Build / train | 125 | |
| Enter build submenu | 26 | |
| Enter hero's abilities submenu | 8 | |
| Remove unit from queue | 1 | |
| Right click | 1296 | |
| Select / deselect | 789 | |
| Use ability | 93 | |
2388 total
» units
| Wisp | 30 | |
| Peon | 2 | |
| Archer | 11 | |
| Huntress | 6 | |
| Hippogryph | 8 | |
| Druid of the Talon | 2 | |
| Glaive Thrower | 18 | |
| Chimaera | 18 | |
| Troll Batrider | 8 | |
103 total
» upgrades
| Ultravision | 1 | |
| Sentinel | 1 | |
| Strength of the Moon | 1 | |
| Corrosive Breath | 1 | |
4 total
» buildings
| Orc Burrow | 2 | |
| Altar of Storms | 1 | |
| Moon Well | 8 | |
| Altar of Elders | 1 | |
| Ancient of War | 1 | |
| Hunter's Hall | 1 | |
| Ancient of Wonders | 1 | |
| Tree of Ages | 1 | |
| Tree of Life | 4 | |
| Ancient of Wind | 1 | |
| Tree of Eternity | 1 | |
| Chimaera Roost | 3 | |
| Fortress | 1 | |
26 total
» build order
00:13 Orc Burrow
00:16 Altar of Storms
00:41 Moon Well
00:44 Altar of Elders
01:02 Ancient of War
01:34 Moon Well
02:20 Hunter's Hall
02:31 Moon Well
03:30 Ancient of Wonders
04:00 Tree of Ages
04:57 Moon Well
06:13 Moon Well
07:32 Tree of Life
07:52 Tree of Life
08:00 Ancient of Wind
09:48 Tree of Eternity
17:16 Chimaera Roost
17:18 Chimaera Roost
19:09 Chimaera Roost
19:11 Moon Well
20:14 Moon Well
23:46 Moon Well
25:13 Fortress
25:51 Tree of Life
43:54 Tree of Life
52:30 Orc Burrow
» items
| Orb of Venom | 1 | |
| Scroll of Town Portal | 2 | |
3 total
Ballsaxx (
green | 0 APM | 0 actions | 00:06)
SLING05 (
red | 161 APM | 3419 actions | 21:14)
5 Blademaster
2 Wind Walk
3 Critical Strike
5 Shadow Hunter
2 Hex
3 Healing Wave
» actions
| Assign group hotkey | 187 | |
| Build / train | 93 | |
| Enter build submenu | 22 | |
| Enter hero's abilities submenu | 12 | |
| Remove unit from queue | 8 | |
| Right click | 1146 | |
| Select / deselect | 310 | |
| Select group hotkey | 1573 | |
| Use ability | 68 | |
3419 total
» units
| Peon | 14 | |
| Wind Rider | 16 | |
| Troll Batrider | 9 | |
39 total
» upgrades
» buildings
| Altar of Storms | 1 | |
| Orc Burrow | 11 | |
| Voodoo Lounge | 3 | |
| War Mill | 2 | |
| Stronghold | 6 | |
| Beastiary | 4 | |
27 total
» build order
00:06 Altar of Storms
00:10 Orc Burrow
00:25 Voodoo Lounge
00:53 Voodoo Lounge
01:09 Orc Burrow
02:12 War Mill
02:40 Stronghold
02:40 Stronghold
02:44 Stronghold
02:44 Stronghold
02:44 Stronghold
03:03 Voodoo Lounge
03:21 Orc Burrow
03:25 Orc Burrow
03:47 Orc Burrow
05:07 Beastiary
05:13 Beastiary
05:14 Beastiary
05:15 Beastiary
05:59 War Mill
06:34 Orc Burrow
08:09 Orc Burrow
08:11 Orc Burrow
13:57 Orc Burrow
13:58 Orc Burrow
14:01 Orc Burrow
» items
| Healing Salve | 2 | |
| Lesser Clarity Potion | 1 | |
3 total
Chat log
(00:05 / All) Ballsaxx: Pervs.
(00:29 / All) humankingtomvip: blademaster hack activated
(00:36 / All) humankingtomvip: i get 6000 gold every time a blademaster is summoned
(02:52 / Allies) VajPounder69: theres a blademaster and hes still broke:O
(05:15 / Allies) VajPounder69: necros
(07:20 / Allies) humankingtomvip: better tower ur own base too bro
(07:23 / Allies) humankingtomvip: they already have tons of stuff
(10:33 / Allies) humankingtomvip: TP
(10:48 / Allies) humankingtomvip: TP
(12:22 / Allies) humankingtomvip: ur base is gonna get raped bro
(12:53 / All) humankingtomvip: do you guys like my allies tower rush
(12:56 / All) humankingtomvip: pretty fast huh
(14:11 / Allies) pikachu7: back
(14:26 / Allies) pikachu7: thanks uprple
(21:17 / All) humankingtomvip: lol
(27:13 / All) michaelx: nice
(31:04 / All) michaelx: ur good pink
(48:05 / All) michaelx: purp how much money u got
(48:12 / All) humankingtomvip: thats classified
(48:30 / All) michaelx: ur good player purp
(55:56 / All) michaelx: cheater
(60:34 / All) humankingtomvip: lol